 Dungeon Crawl Stone Soup version 0.15-a0-183-gc0cdb55 (webtiles) character file.

847 PolkaDot the Jinx (level 7, -8/46 HPs)
             Began as a Vampire Enchanter on Apr 20, 2014.
             Was an Initiate of Ashenzari.
             Killed from afar by satsukimygoddess' ghost (14 damage)
             ... with an orb of energy
             ... on Level 5 of the Dungeon.
             The game lasted 00:22:23 (4618 turns).

PolkaDot the Jinx (Vampire Enchanter)               Turns: 4618, Time: 00:22:23

HP  -8/46        AC  6     Str  7      XL: 7   Next: 23%
MP   2/17        EV 13     Int 17      God: Ashenzari [......]
Gold 218         SH  0     Dex 16      Spells:  5 memorised,  2 levels left

rFire  . . .     SeeInvis +     a - +2,+1 dagger
rCold  + + .     Clarity  .     b - +1 robe
rNeg   + + +     Conserve .     (no shield)
rPois  +         rCorr    .     n - +0 helmet
rElec  .         rRot     +     h - +0 cloak
SustAb . .       Spirit   .     (no gloves)
rMut   .         Warding  +     j - +0 pair of boots
Saprov . . .     Stasis   .     m - amulet of warding
MR     .....                    i - ring of positive energy
                                e - ring of regeneration

@: non-regenerating, invisible, very slightly contaminated, not resistant to
hostile enchantments, very stealthy
A: bottle blood, fangs 3, see invisible, unbreathing
a: Bat Form, Bottle Blood, Renounce Religion


You were on level 5 of the Dungeon.
You worshipped Ashenzari.
Ashenzari was noncommittal.
You were bloodless.

You visited 2 branches of the dungeon, and saw 6 of its levels.

You collected 218 gold pieces.

Inventory:

Hand weapons
 a - a +2,+1 dagger (weapon)
Missiles
 d - 12 darts (quivered)
Armour
 b - a +1 robe (worn)
 h - a +0 cloak (worn)
 j - a +0 pair of boots (worn)
 n - a +0 helmet (worn)
Scrolls
 f - a scroll of recharging {unknown}
 k - 2 scrolls of enchant armour {unknown}
 l - 4 scrolls of remove curse
 o - 3 scrolls of amnesia
 p - a scroll of fog
 q - a scroll of teleportation {unknown}
 r - a scroll of enchant weapon II
 s - 2 scrolls of random uselessness {unknown}
Jewellery
 e - a ring of regeneration (left hand)
 i - a ring of positive energy (right hand)
 m - an amulet of warding (around neck)
Potions
 g - a potion of cure mutation {!q}
Books
 c - a book of Maledictions

   Spells                             Type                      Level
   *Corona                            Hexes                        1
   *Sure Blade                        Hexes/Charms                 2
   *Ensorcelled Hibernation           Hexes/Ice                    2
   *Confuse                           Hexes                        3
   Dazzling Spray                     Conjuration/Hexes            3
   *Enslavement                       Hexes                        4


   Skills:
 - Level 2.1 Short Blades
 - Level 0.7 Throwing
 - Level 2.1 Dodging
 + Level 7.1 Stealth
 * Level 4.3 Spellcasting
 + Level 8.0 Hexes


You had 2 spell levels left.
You knew the following spells:

 Your Spells              Type           Power        Failure   Level  Hunger
a - Corona                Hex            ####...      1%          1    None
b - Sure Blade            Hex/Chrm       ###.......   4%          2    ##.....
c - Confuse               Hex            ####....     1%          3    ###....
d - Ensorcelled Hibernat  Hex/Ice        ###...       4%          2    ##.....
e - Enslavement           Hex            ####....     8%          4    ####...


Dungeon Overview and Level Annotations

Branches:
Dungeon (5/15)             Temple (1/1) D:5

Altars:
Ashenzari
Cheibriados
Dithmenos
Elyvilon
Fedhas
Kikubaaqudgha
Makhleb
Nemelex Xobeh
Okawaru
Sif Muna
Trog
Xom
Yredelemnul
Zin
The Shining One

Annotations:
D:5 satsukimygoddess' ghost, experienced DrCj


Innate Abilities, Weirdness & Mutations

You do not heal naturally.
You can bottle blood from corpses.
You have razor-sharp teeth.*
You have supernaturally acute eyesight.
You can survive without breathing.*


Message History

Satsukimygoddess' ghost hits you but does no damage.
You hit satsukimygoddess' ghost but do no damage.
Satsukimygoddess' ghost is severely damaged.
You hit satsukimygoddess' ghost.
You bite satsukimygoddess' ghost, but do no damage.
Satsukimygoddess' ghost is severely damaged.
Satsukimygoddess' ghost gestures at you while chanting.
The orb of energy hits you!
The orb of energy explodes!
The battlesphere fires!
The barrage of energy hits you!
* * * LOW HITPOINT WARNING * * *
You hear a shout!
You hit satsukimygoddess' ghost but do no damage.
Satsukimygoddess' ghost is severely damaged.
Satsukimygoddess' ghost barely misses you.
Satsukimygoddess' ghost barely misses you.
You closely miss satsukimygoddess' ghost.
Satsukimygoddess' ghost is severely damaged.
Satsukimygoddess' ghost casts a spell at you.
The orb of energy hits you!
You die...

##.....##......##.....
##.....###..##......♣♣♣ ##....###
### #.###.♣# # ###.....# #.....♣
#.....### #####.♣# # #....##
#..♣♣♣ ########..%#############
#.....
...........(.....................
............(...@................
.............(..p................
.≈≈≈≈≈..≈.≈.....≈≈≈≈≈≈≈..≈≈.≈≈≈≈.
≈≈≈≈≈≈≈≈≈≈≈≈.)...≈≈≈≈≈≈≈≈≈≈≈≈≈≈≈≈
≈≈≈≈≈≈≈≈≈≈≈≈....≈≈≈*≈≈≈≈ ≈≈≈≈≈≈≈≈
≈≈≈≈≈≈≈≈≈≈≈≈....≈≈≈≈≈≈≈ ≈≈≈≈≈≈≈
#############''####### #### ....
#....#


You could see satsukimygoddess' ghost.

Vanquished Creatures
  An ice beast (D:5)
  A phantom (D:4)
  Sigmund (D:2)
  A crimson imp (D:5)
  An iguana (D:5)
  A hound (D:5)
  A jelly (D:5)
  4 worker ants
  5 adders
  A shadow imp (D:3)
  An inept feature mimic (D:4)
  A worm (D:2)
  An iguana skeleton (D:5)
  7 giant geckos
  An orc (D:4)
  6 bats
  7 goblins
  9 hobgoblins
  8 jackals (D:2)
  10 kobolds
  A quokka (D:3)
  3 giant cockroaches
  12 giant newts
  9 rats
93 creatures vanquished.

Notes
Turn   | Place    | Note
--------------------------------------------------------------
     0 | D:1      | PolkaDot, the Vampire Enchanter, began the quest for the Orb.
     0 | D:1      | Reached XP level 1. HP: 13/13 MP: 3/3
   267 | D:1      | Reached XP level 2. HP: 13/19 MP: 1/4
   356 | D:1      | Learned a level 2 spell: Ensorcelled Hibernation
   819 | D:2      | Reached skill level 5 in Hexes
   961 | D:2      | Reached XP level 3. HP: 24/24 MP: 3/6
  1293 | D:2      | Noticed Sigmund
  1336 | D:2      | Reached XP level 4. HP: 28/30 MP: 0/7
  1805 | D:2      | Killed Sigmund
  1805 | D:2      | Reached skill level 5 in Stealth
  1805 | D:2      | Reached skill level 6 in Hexes
  1805 | D:2      | Reached XP level 5. HP: 2/35 MP: 1/9
  2656 | D:3      | Learned a level 3 spell: Confuse
  2659 | D:3      | Learned a level 2 spell: Sure Blade
  2746 | D:3      | Reached skill level 7 in Hexes
  3041 | D:4      | Noticed a phantom
  3156 | D:4      | Killed a phantom
  3299 | D:5      | Entered Level 5 of the Dungeon
  3354 | D:4      | Reached XP level 6. HP: 24/41 MP: 1/11
  3684 | D:4      | Found a burning altar of Makhleb.
  3987 | D:5      | Found a staircase to the Ecumenical Temple.
  3997 | Temple   | Entered the Ecumenical Temple
  4018 | Temple   | Became a worshipper of Ashenzari the Shackled
  4317 | D:5      | Learned a level 4 spell: Enslavement
  4343 | D:5      | Reached XP level 7. HP: 35/46 MP: 11/17
  4403 | D:5      | Found a basalt altar of Yredelemnul.
  4403 | D:5      | Found a blossoming altar of Fedhas.
  4551 | D:5      | Reached skill level 8 in Hexes
  4587 | D:5      | Noticed satsukimygoddess' ghost (experienced DrCj)
  4618 | D:5      | Killed from afar by satsukimygoddess' ghost

Action                   |  1- 3 |  4- 6 |  7- 9 || total
-------------------------+-------+-------+-------++-------
Melee: Dagger            |   100 |   202 |    30 ||   332
Throw: Dart              |     1 |       |       ||     1
 Cast: Corona            |     3 |       |       ||     3
       Ensorcelled Hiber |    21 |    52 |     4 ||    77
       Confuse           |       |     6 |     9 ||    15
  Use: Scroll            |     4 |     9 |       ||    13
       Potion            |       |     9 |     1 ||    10
 Stab: Sleeping          |    17 |    35 |     3 ||    55
       Confused          |       |     2 |     2 ||     4
       Invisible         |       |       |     2 ||     2
